Map: Rainfall LE

Players

长安 - Winner!

  • Race: Zerg Zerg
  • League: Grandmaster

SortOf

  • Race: Zerg Zerg
  • League: Master

VOD

Have the link to the VOD?

Description

Time

  • Played on: June 23, 2026, 2:02 a.m.
  • Length: 16:20
Show
View Real Time Build Order
Export as new Build Order

长安 Zerg - Winner!

Build Orders: Pool First, Lurkers 

Get SALT Encoding   

  8  0:00  Drone  
  9  0:27  Spawning Pool  
  8  0:33  Drone  
  9  0:40  Drone  
  10  0:45  Drone  
  11  0:56  Drone  
  12  1:02  Overlord  
  12  1:20  Zergling x4  
  12  1:21  Zergling x2  
  15  1:31  Zergling x2  
  16  1:41  Zergling x2  
  17  1:51  Hatchery  
  16  1:55  Zergling x2  
  17  2:05  Drone  
  18  2:15  Queen  
  20  2:27  Overlord  
  18  2:37  Drone  
  19  2:47  Drone x2  
  20  2:57  Drone  
  18  2:59  Drone  
  18  3:01  Queen  
  21  3:12  Zergling x4  
  23  3:15  Extractor  
  22  3:20  Zergling x4  
  22  3:26  Drone x2  
  26  3:36  Overlord  
  26  3:45  Overlord  
  26  3:51  Overlord  
  26  3:55  Drone x3  
  29  3:58  Drone  
  30  4:03  Drone x2  
  31  4:14  Drone x3  
  34  4:20  Metabolic Boost  
  34  4:26  Zergling x6  
  34  4:28  Zergling x2  
  37  4:46  Zergling x4  
  37  4:47  Zergling x8  
  37  4:52  Drone x3  
  44  4:59  Drone  
  45  5:02  Hatchery  
  45  5:06  Overlord  
  44  5:09  Drone  
  45  5:19  Drone x2  
  47  5:23  Overlord  
  47  5:26  Drone x3  
  50  5:30  Queen  
  50  5:31  Drone  
  53  5:36  Drone x2  
  53  5:42  Drone x3  
  57  5:50  Roach Warren, Lair  
  57  5:51  Drone  
  57  5:52  Drone  
  57  5:54  Drone x2  
  57  5:56  Extractor  
  59  5:59  Drone  
  59  6:02  Evolution Chamber  
  59  6:07  Drone x2  
  59  6:08  Drone x3  
  64  6:15  Overlord  
  64  6:16  Queen  
  66  6:23  Drone x2  
  68  6:26  Overlord  
  68  6:28  Zerg Missile Weapons Level 1  
  68  6:32  Overlord  
  68  6:34  Extractor  
  68  6:36  Extractor  
  68  6:37  Drone x6  
  68  6:39  Overlord  
  72  6:44  Roach x2  
  72  6:45  Roach  
  78  6:55  Overlord  
  78  6:56  Glial Reconstitution  
  78  7:03  Overseer  
  78  7:05  Drone  
  78  7:06  Drone  
  79  7:08  Drone x2  
  79  7:09  Spine Crawler, Roach x2  
  79  7:10  Extractor  
  79  7:15  Spine Crawler  
  82  7:16  Roach x2  
  82  7:17  Roach  
  82  7:19  Overlord, Overseer  
  88  7:28  Roach x5  
  98  7:39  Roach  
  98  7:40  Roach x4  
  98  7:42  Drone x3  
  98  7:43  Drone  
  111  7:44  Overseer  
  112  7:52  Roach x2  
  112  7:55  Hatchery  
  112  7:57  Overlord  
  115  8:04  Overlord x6  
  115  8:06  Drone  
  115  8:11  Overlord  
  116  8:18  Roach x4  
  124  8:22  Zerg Missile Weapons Level 2  
  124  8:25  Roach x3  
  124  8:26  Roach  
  132  8:28  Roach  
  134  8:35  Roach  
  134  8:36  Roach x2  
  140  8:43  Roach x4  
  140  8:47  Pneumatized Carapace  
  148  8:51  Extractor  
  148  8:54  Drone x3  
  150  9:00  Drone x6  
  154  9:14  Drone x8  
  162  9:18  Roach x2  
  162  9:20  Evolution Chamber  
  165  9:25  Roach x7  
  165  9:29  Extractor, Hydralisk Den  
  177  9:32  Roach x3  
  177  9:34  Overlord  
  177  9:37  Ravager  
  184  9:41  Overlord x2  
  184  9:46  Overlord x2  
  184  9:47  Extractor  
  184  9:52  Drone  
  183  10:00  Roach x9  
  183  10:04  Muscular Augments  
  183  10:06  Zerg Ground Armor Level 1  
  197  10:13  Overseer  
  195  10:16  Hydralisk x2  
  195  10:20  Drone  
  180  10:29  Hydralisk  
  180  10:30  Hydralisk x11  
  163  10:41  Roach x7  
  165  10:43  Roach  
  165  10:44  Roach  
  163  10:50  Roach  
  163  10:51  Roach x3  
  169  11:00  Roach x5  
  170  11:18  Roach x9  
  154  11:26  Roach x3  
  154  11:29  Grooved Spines  
  138  11:35  Roach  
  138  11:36  Roach x5  
  144  11:40  Roach x2  
  148  11:48  Roach  
  148  11:49  Roach x5  
  160  11:55  Lurker Den  
  160  11:59  Roach x8  
  160  12:00  Roach  
  177  12:08  Roach x5  
  185  12:11  Ravager  
  185  12:15  Roach x4  
  196  12:21  Infestation Pit  
  195  12:24  Overseer, Zerg Ground Armor Level 2  
  186  12:45  Drone x4  
  186  12:46  Hydralisk  
  186  12:47  Hydralisk x5  
  186  12:49  Overseer  
  196  12:56  Spine Crawler  
  193  12:59  Hydralisk  
  193  13:01  Drone x2  
  193  13:02  Drone  
  193  13:03  Hive  
  192  13:13  Lurker x8  
  197  13:30  Overlord x2  
  197  13:57  Overlord x2  
  197  13:58  Hydralisk  
  189  14:16  Roach  
  199  14:17  Roach x9  
  187  14:33  Roach x6  
  195  14:44  Lurker x7  
  192  14:45  Seismic Spines  
  192  14:52  Roach x10  
  167  15:06  Hydralisk x5  
  167  15:12  Hydralisk x4  
  181  15:21  Viper x3  
  178  15:29  Roach  
  180  15:38  Roach x4  
  180  15:42  Lurker x3, Overseer  
  191  15:49  Roach x4  
  199  15:56  Roach  
  199  16:05  Hatchery  
Show
View Real Time Build Order
Export as new Build Order

SortOf Zerg 

Build Orders: Hatch First 

Get SALT Encoding   

  8  0:00  Drone  
  9  0:10  Drone  
  10  0:17  Drone  
  11  0:23  Drone  
  12  0:33  Overlord  
  12  0:39  Extractor  
  12  0:40  Drone  
  13  0:52  Drone x2  
  15  0:59  Drone  
  16  1:14  Hatchery  
  15  1:18  Drone  
  15  1:21  Drone  
  17  1:26  Drone  
  18  1:38  Extractor  
  17  1:40  Spawning Pool  
  17  1:44  Drone  
  17  1:47  Drone  
  18  1:58  Drone  
  19  2:10  Drone  
  20  2:26  Queen  
  20  2:27  Zergling x4  
  23  2:33  Zergling x4  
  20  2:37  Zergling x2  
  18  2:53  Drone x2  
  18  2:58  Drone  
  16  3:07  Drone  
  17  3:13  Drone  
  17  3:16  Drone  
  19  3:20  Drone  
  20  3:30  Overlord  
  20  3:34  Drone  
  20  3:39  Drone  
  22  3:46  Drone x2  
  24  3:51  Zergling x2  
  24  3:54  Drone x2  
  27  3:58  Zergling x2  
  28  4:04  Overlord  
  28  4:12  Drone x2  
  30  4:19  Queen  
  30  4:24  Drone x2  
  34  4:30  Drone  
  35  4:33  Drone x2  
  37  4:41  Overlord  
  37  4:52  Drone x2, Evolution Chamber  
  36  4:54  Drone, Roach Warren  
  36  4:56  Drone  
  34  5:01  Drone  
  35  5:07  Evolution Chamber, Lair  
  35  5:12  Drone x2  
  36  5:17  Spine Crawler  
  35  5:21  Queen  
  35  5:26  Drone  
  38  5:29  Drone x2  
  38  5:30  Drone  
  38  5:32  Drone  
  42  5:38  Drone x2  
  42  5:39  Drone  
  42  5:42  Evolution Chamber  
  44  5:45  Overlord  
  44  5:48  Zerg Missile Weapons Level 1  
  45  5:50  Extractor  
  45  5:51  Extractor  
  45  5:53  Drone x2  
  45  5:56  Overlord  
  45  6:05  Roach x2  
  45  6:08  Extractor  
  45  6:09  Overlord  
  48  6:15  Drone  
  48  6:17  Drone  
  50  6:22  Glial Reconstitution  
  50  6:26  Roach  
  50  6:29  Roach  
  54  6:34  Roach  
  54  6:37  Roach  
  54  6:38  Overlord  
  58  6:41  Drone  
  58  6:42  Drone  
  58  6:45  Roach x3  
  66  6:53  Overlord  
  66  6:58  Zerg Ground Armor Level 1  
  66  6:59  Overseer  
  66  7:00  Hatchery  
  65  7:02  Roach  
  65  7:07  Drone x3  
  70  7:13  Roach x2  
  74  7:19  Drone x4  
  78  7:23  Overlord  
  78  7:29  Roach x2  
  82  7:33  Overlord  
  82  7:40  Drone x3  
  85  7:44  Zerg Missile Weapons Level 2  
  85  7:46  Roach x2  
  89  7:52  Roach x2  
  89  7:54  Drone x2  
  95  8:01  Drone x3  
  98  8:06  Drone  
  98  8:07  Ravager x4  
  98  8:09  Overseer  
  98  8:12  Roach x2  
  107  8:14  Overlord  
  107  8:24  Overlord x2  
  107  8:30  Pneumatized Carapace  
  107  8:32  Overlord x2  
  107  8:34  Roach x3  
  113  8:39  Roach  
  115  8:44  Drone x7  
  115  8:48  Roach x3  
  128  8:51  Roach  
  128  8:54  Roach x2  
  134  8:59  Overlord  
  134  9:00  Roach x2  
  138  9:05  Extractor  
  138  9:06  Zerg Ground Armor Level 2  
  139  9:10  Roach x3  
  139  9:13  Roach x2  
  139  9:18  Overlord  
  139  9:19  Roach x2  
  139  9:24  Roach x3  
  149  9:25  Overlord  
  155  9:31  Roach x3  
  155  9:35  Overlord  
  155  9:37  Ravager  
  156  9:41  Drone x2  
  158  9:48  Roach x3, Hatchery  
  158  9:49  Ravager  
  164  9:56  Roach  
  164  9:58  Ravager  
  167  10:01  Roach  
  167  10:02  Roach x3  
  171  10:12  Roach x4  
  171  10:13  Overlord x4  
  179  10:16  Extractor  
  178  10:24  Roach  
  162  10:29  Roach x7  
  162  10:35  Roach x2  
  151  10:40  Zergling x4  
  150  10:44  Infestation Pit  
  150  10:46  Roach x6  
  161  10:58  Roach x2  
  161  11:00  Overlord  
  165  11:04  Roach  
  165  11:09  Roach x2  
  169  11:17  Roach  
  167  11:21  Roach  
  140  11:28  Roach x2  
  123  11:33  Roach x3  
  123  11:37  Hive  
  123  11:39  Drone x8  
  130  11:42  Hydralisk Den  
  130  11:43  Roach x4  
  130  11:45  Ravager x3  
  140  11:48  Ravager  
  140  11:52  Roach x2  
  145  11:57  Overlord  
  145  11:58  Overlord  
  145  11:59  Roach x2  
  149  12:05  Roach x5  
  159  12:11  Roach x6  
  159  12:13  Overlord  
  171  12:22  Roach x3  
  177  12:25  Extractor  
  177  12:26  Extractor  
  177  12:27  Lurker Den  
  177  12:29  Roach x2  
  178  12:37  Roach x5  
  188  12:42  Roach x3  
  188  12:43  Roach  
  178  12:53  Roach x7  
  190  13:00  Drone x8  
  190  13:06  Roach x4  
  194  13:15  Roach x2  
  194  13:17  Grooved Spines  
  194  13:18  Zerg Missile Weapons Level 3  
  198  13:27  Overseer, Hydralisk  
  200  13:53  Hatchery  
  199  13:59  Hydralisk x2  
  195  14:04  Overlord  
  195  14:05  Overseer  
  195  14:06  Overseer  
  185  14:13  Hydralisk x13  
  186  14:18  Roach x7  
  196  14:26  Roach x3  
  189  14:32  Roach x6  
  189  14:34  Roach  
  164  14:57  Lurker x2  
  164  14:58  Hydralisk x8, Lurker  
  146  15:00  Hydralisk  
  146  15:03  Hydralisk  
  146  15:04  Hydralisk  
  149  15:08  Hydralisk  
  151  15:16  Hydralisk x3  
  145  15:27  Viper  
  132  15:35  Hydralisk x3  
  138  15:45  Hydralisk x4  
Tags
 
Add a new tag
Caveats
  • Supply blocks, unpowered buildings, or Contaminate may cause inaccurate times.
  • Supply counts are checked every 10 seconds.